 Dungeon Crawl Stone Soup version 0.32-a0-306-gfed3edf829 (webtiles) character file.

Game seed: 396011168378503637

21 SigmundSlayer the Changeling (level 2, 25/25 HPs)
             Began as a Naga Shapeshifter on Feb 14, 2024.
             Got out of the dungeon alive.
             The game lasted 00:01:23 (361 turns).

SigmundSlayer the Changeling (Naga Shapeshifter)     Turns: 361, Time: 00:01:23

Health: 25/25      AC:  1    Str: 16    XL:     2   Next: 83%
Magic:  2/2        EV:  9    Int: 10    God:
Gold:   22         SH:  0    Dex: 10    Spells: 1/1 levels left

rFire   . .          .
                       - Unarmed
rCold   + . .        (no shield)
rNeg    . . .        a - +0 animal skin
rPois   +            (helmet currently unavailable)
rElec   .            (cloak currently unavailable)
rCorr   .            (gloves currently unavailable)
SInv    +            (no barding)
Will    .....        (no amulet)
Stlth   +            g - ring of protection from cold
HPRegen 0.24/turn    (no ring)
MPRegen 0.08/turn

%: no passive effects
@: beast-form, very slow
A: beast (slay +2), AC +0, large, see invisible, deformed body, poison
resistance, slowness 2, spit poison 1, naga tail 1
a: Spit Poison, Begin Untransformation


You escaped.
You were a hulking beast.
You visited 1 branch of the dungeon, and saw 1 of its levels.

You collected 22 gold pieces.

Inventory:

Armour
 a - a +0 animal skin (worn)
 e - a +0 helmet
Magical Staves
 k - a staff of earth
Jewellery
 g - a ring of protection from cold (left hand)
Talismans
 c - a beast talisman (active)
 d - a flux talisman
Scrolls
 f - a scroll of poison {unknown}
 h - a scroll of fear {unknown}
 j - a scroll of identify {unknown}
Potions
 b - a potion of lignification
 i - a potion of degeneration {unknown}


   Skills:
 - Level 1.0 Fighting
 - Level 1.5 Dodging
 - Level 3.0 Unarmed Combat
 + Level 3.8 Shapeshifting


You had one spell level left.
You didn't know any spells.
Your spell library was empty.

Dungeon Overview and Level Annotations

Branches:
Dungeon (1/15)

Altars:


Innate Abilities, Weirdness & Mutations

You are a hulking beast.
Your limbs bulge with bestial killing power. (Slay +2)
Your serpentine skin is tough. (AC +0)
You have supernaturally acute eyesight. (SInv)
Armour fits poorly on your strangely shaped body.
Your system is resistant to poisons. (rPois)
You cover ground very slowly.
You can spit poison.
You have a snake-like lower body.


Message History

Found a weird runed staff.
The splash of poison hits the quokka but does no damage.
A quokka is nearby!
You barely miss the quokka. The quokka bites you.
You closely miss the quokka. The quokka bites you.
You closely miss the quokka.
You have got your breath back.
The quokka bites you.
You hit the quokka.
The quokka is almost dead.
The quokka bites you.
You hit the quokka but do no damage.
The quokka is almost dead.
The quokka barely misses you. The quokka closely misses you.
You hit the quokka but do no damage.
The quokka is almost dead.
The quokka bites you.
You hit the quokka.
You kill the quokka!
You see here a quokka corpse.
You start resting.
HP restored.
A rat comes into view.
You see here a staff of earth.
The splash of poison hits the rat.
The rat is severely wounded.
You have got your breath back.
The rat barely misses you.
You hit the rat.
You kill the rat!
No target in view!
You see here a staff of earth.
You see here a staff of earth.
k - a staff of earth What level of the Dungeon? (default 1, ? - help)
You see here a quokka corpse.
You see here a +0 dagger.
There is a fountain of clear blue water here.
There is a staircase leading out of the dungeon here.
You have escaped!

#........# #.#
###........###.##
##................
#######..#........).#.##
...............#+#......
..##♣♣♣.♣♣♣##..#.#...>##
♣⌠♣ #..#.#..#.#
..♣♣♣♣♣.♣♣♣♣♣.......#.#
.....⌠.h.⌠.......#+##'##
..♣♣♣♣♣.♣♣♣♣♣.....).....
♣⌠♣ #........... ♣.♣
♣##........... ...
.............. ...
..............
####.###.#.#.......
...#.........
######.......


There were no monsters in sight!

Vanquished Creatures
  A giant cockroach (D:1)
  2 goblins (D:1)
  2 hobgoblins (D:1)
  A quokka (D:1)
  A bat (D:1)
  2 frilled lizards (D:1)
  3 rats (D:1)
12 creatures vanquished.

Notes
Turn   | Place    | Note
-------+----------+-------------------------------------------
     0 | D:1      | SigmundSlayer the Naga Shapeshifter began the quest for the
                  | Orb.
     0 | D:1      | Reached XP level 1. HP: 18/18 MP: 1/1
    55 | D:1      | Reached XP level 2. HP: 25/25 MP: 2/2
   361 | D:$      | Got out of the dungeon alive.

Illustrated notes

Levels and vault maps discovered:
D:1:      scummos_arrival_forest, layout_basic, ebering_ecumenical_altar_rust

Action                     || total
---------------------------++-------
  Melee: Unarmed           ||    22
Ability: Spit Poison       ||     9
 Armour: Animal skin       ||    12
  Dodge: Dodged            ||    10

Table legend: (Time is in decaauts)
 A = Elapsed time spent in this place.
 B = Non-inter-level travel time spent in this place.
 C = Inter-level travel time spent in this place.
 D = Time resting spent in this place.
 E = Time spent auto-exploring this place.
 F = Levels seen in this place.
 G = Mean time per level.
                   A        B        C        D        E       F      G
               +--------+--------+--------+--------+--------+-----+--------+
         Total |    456 |    403 |     53 |     54 |    210 |   1 |  456.0 |
       Dungeon |    456 |    403 |     53 |     54 |    210 |   1 |  456.0 |
               +--------+--------+--------+--------+--------+-----+--------+

Top non-repeatable levels by time:
     D:1: 456 daAuts
